Rayston, chaotic male orcish Barbarian ------- ------- ----- |^....| |......#############################.....# |>....| |..d..| # #|...|# |.....| |...@.o##### ` #-<..|# --*---- |..q..| # ------------- ###|...|# # |.....| ### +`.........`| # #|...|# ### |.....| # |.....`.....-## #-----### [ --.-.-- ### |...-----...| ###*########## # ## |...|.{.|...| ### # -----|-- ###### |..`.{.{|`..| [ ##-......| # # |...|.{.|...| ### |......| ### ##....-----...| # |......| +# |.....`.....| ###|......| |`.........`| #.......| ------------- |......| -------- Rayston the Bandit Experience level: 6 Strength: 16 Dexterity: 18 Constitution: 17 Intelligence: 8 Wisdom: 7 Charisma: 7 Health: 0(53) Energy: 13(13) Def: 6 Gold: 172 Moves: 1494 Dungeon seed: epXlv2sE_a4i0BiH Game ID: Rayston_1500766624 Your Inventory: Coins $ - 172 gold pieces Amulets q - a cursed amulet versus poison Weapons a - a blessed +0 battle-axe (weapon in hands) b - an uncursed +0 orcish short sword (alternate weapon; not wielded) Armor e - an uncursed +0 orcish ring mail r - an uncursed +1 pair of speed boots (being worn) z - an uncursed +0 scale mail (being worn) Comestibles c - 2 uncursed food rations d - an uncursed tripe ration g - 3 uncursed pancakes p - 2 uncursed lichen corpses Scrolls s - an uncursed scroll of identify Potions t - an uncursed potion of extra healing v - a cursed potion of fruit juice Wands w - a cursed wand of enlightenment (0:12) Tools u - an uncursed can of grease (0:7) x - a cursed sack A - a cursed magic marker (0:43) B - a cursed +0 pick-axe Gems n - an uncursed topaz y - 2 uncursed worthless pieces of yellowish brown glass Contents of the sack: 1293 gold pieces a [uncursed] eucalyptus leaf 2 [uncursed] scrolls of blank paper 2 [uncursed] scrolls of destroy armor a [blessed] scroll of enchant armor a [cursed] scroll of fire 2 [cursed] scrolls of identify a [uncursed] scroll of light a [uncursed] scroll of taming a [uncursed] spellbook of fireball a [uncursed] potion of confusion a [uncursed] potion of extra healing 2 [uncursed] potions of gain energy a [blessed] potion of hallucination 2 [uncursed] potions of hallucination a [uncursed] potion of invisibility a [blessed] potion of sleeping 2 [uncursed] potions of water a [blessed] [+1] ring of adornment Spells and supernatural/magical abilities: Name Level Category Fail Memory W - pray for help -- divine ? -- Your skills at the end: Miscellaneous Skills bare handed combat [Basic] stealth [Basic] Weapon Skills axe [Basic] short sword [Basic] Spellcasting Skills Final Attributes: You were piously aligned. You were poison resistant. You had infravision. You were very fast. You are dead. Vanquished creatures: a leather golem 2 winter wolf cubs an orc mummy 2 dust vortices 2 fire ants 5 orc zombies 4 coyotes a large kobold 3 geckos a yellow mold a red mold 7 garter snakes 3 manes 4 jackals 2 newts 2 bats 5 lichens a kobold zombie 47 creatures vanquished. Voluntary challenges: You did not adorn yourself with jewelry or accessories. You did not cause conflict. You were not invisible. You did not have reflection. You were not displaced. You used a wielded weapon 67 times, starting on turn 71. You did not use tools. You did not use plumbed fixtures. You did not drink any magical draughts. You were illiterate. You never genocided any monsters. You never polymorphed an object. You never changed form. You used no wishes. You never split a pudding. You never wrote Elbereth's name. You never violated your personal moral code. Dungeon overview: The Dungeons of Doom: levels 1 to 9 Level 1 a fountain a long staircase Level 2 Level 3 (Vault) Level 4 Level 5 Level 6 (Vault) Level 7 Level 8 Level 9 <- You were here many fountains History has recorded: On T:1 you entered the Dungeons of Doom to retrieve the Amulet of Yendor! On T:36 you reached level 2 of The Dungeons of Doom. On T:153 you reached level 3 of The Dungeons of Doom. On T:359 you advanced to experience level 2. On T:397 you reached level 4 of The Dungeons of Doom. On T:618 you reached level 5 of The Dungeons of Doom. On T:676 you advanced to experience level 3. On T:812 you reached level 6 of The Dungeons of Doom. On T:851 you advanced to experience level 4. On T:1041 you reached level 7 of The Dungeons of Doom. On T:1087 you reached level 8 of The Dungeons of Doom. On T:1136 you reached level 9 of The Dungeons of Doom. On T:1179 you advanced to experience level 5. On T:1330 you prayed to Set. On T:1441 you advanced to experience level 6. Score breakdown: Gold: 1465 ( 146 points) Experience: 6 levels ( 500 points) Exploration: 9 levels ( 240 points) Discoveries: 22 items ( 1100 points) Variety of kills: 18 monsters ( 900 points) Major goal: (nothing yet) ( 0 points) Survival: died (score multiplied by 3) Total score: 8658 Latest messages: Welcome to experience level 6. Something scratches you! You smite something. Something misses. You destroy it! You attack thin air. You have a little trouble lifting $ - 39 gold pieces. You try to feel what is lying here on the ground. You feel here 12 gray stones. You can't see where you're going! You can see again. You stop waiting. You stop exploring. You kill the lichen! A Mordor orc blocks your way. You stop exploring. You smite the winter wolf cub! The winter wolf cub bites! You kill the winter wolf cub! The mumak butts! The mumak bites! You die... Final status: Goodbye Rayston the Barbarian, killed by a mumak... You died in The Dungeons of Doom on dungeon level 9 with 8658 points, and 1465 pieces of gold, after 1494 moves. You were level 6 with a maximum of 53 hit points when you died.